 Dungeon Crawl Stone Soup version 0.18-a0-42-g56b16cb (webtiles) character file.

224 ReteAZ the Digger (level 6, 0/36 HPs)
             Began as an Octopode Earth Elementalist on Nov 6, 2015.
             Slain by an orc priest
             ... wielding a +0 hand axe
              (7 damage)
             ... on level 3 of the Dungeon.
             The game lasted 00:10:22 (2409 turns).

ReteAZ the Digger (Octopode Earth Elementalist)     Turns: 2409, Time: 00:10:22

Health: 0/36       AC:  1    Str:  8    XL:     6   Next: 0%
Magic:  2/9        EV: 12    Int: 19    God:
Gold:   211        SH:  0    Dex: 12    Spells: 3 memorised, 3 levels left

rFire  . . .     SeeInvis .     a - 122 stones
rCold  . . .     Clarity  .     (no shield)
rNeg   . . .     SustAt   .     (helmet restricted)
rPois  .         Gourm    .     (no amulet)
rElec  .         Spirit   .     (no ring)
rCorr  .         Warding  .     (no ring)
rMut   .         Stasis   .     (no ring)
MR     .....                    (no ring)
Stlth  +++.......               (no ring)
                                (no ring)
                                (no ring)
                                (no ring)

@: not resistant to hostile enchantments, fairly stealthy
A: almost no armour, amphibious, 8 rings, constrict 8, camouflage 1, gelatinous
body 1
a: no special abilities


You were on level 3 of the Dungeon.
You were not hungry.

You visited 1 branch of the dungeon, and saw 4 of its levels.

You collected 211 gold pieces.

Inventory:

Hand Weapons
 e - a +0 dagger
Missiles
 a - 122 stones (in tentacle)
 r - 4 tomahawks (quivered)
Jewellery
 p - an uncursed ring of see invisible {unknown}
 q - an uncursed amulet of guardian spirit {unknown}
Wands
 o - a wand of confusion (29)
Scrolls
 g - 2 scrolls of magic mapping {unknown}
 j - a scroll of remove curse {unknown}
 k - 2 scrolls of identify {unknown}
 m - a scroll of immolation {unknown}
 t - a scroll of enchant armour {unknown}
Potions
 f - 3 potions of might {unknown}
 h - 2 potions of degeneration {unknown}
 l - 2 potions of poison {unknown}
 n - 2 potions of agility {unknown}
Books
 b - a book of Geomancy

   Spells                             Type                      Level
   a - Sandblast                      Earth                        1
   b - Stoneskin                      Transmutation/Earth          2
   c - Passwall                       Transmutation/Earth          3
   d - Stone Arrow                    Conjuration/Earth            3
   e - Petrify                        Transmutation/Earth          4
   f - Lee's Rapid Deconstruction     Earth                        5
 s - a book of the Warp

   Spells                             Type                      Level
   a - Recall                         Summoning/Translocation      3
   b - Gell's Gravitas                Hexes/Translocation          3
   c - Force Lance                    Conjuration/Translocation    4
   d - Phase Shift                    Translocation                5
   e - Warp Weapon                    Charms/Translocation         5
   f - Summon Forest                  Summoning/Translocation      5
Comestibles
 c - 4 bread rations
 d - a beef jerky
 i - a meat ration
 u - a slice of pizza


   Skills:
 - Level 2.0 Dodging
 - Level 2.6 Stealth
 + Level 2.2 Spellcasting
 - Level 1.0 Transmutations
 + Level 6.3 Earth Magic


You had 3 spell levels left.
You knew the following spells:

 Your Spells              Type           Power        Failure   Level  Hunger
a - Sandblast             Erth           ####..       1%          1    #......
b - Stoneskin             Trmt/Erth      ###.....     8%          2    ##.....
c - Stone Arrow           Conj/Erth      ##....       14%         3    ###....


Dungeon Overview and Level Annotations

Branches:
Dungeon (4/15)
 Temple: D:4-7

Altars:
Dithmenos
Makhleb
Okawaru
The Shining One


Innate Abilities, Weirdness & Mutations

You cannot wear most types of armour.
You are amphibious.
You can wear up to eight rings at the same time.
You can use your tentacles to constrict eight enemies at once.
Your skin changes colour to match your surroundings (Stealth).
Your rubbery body absorbs attacks (AC +1).


Message History

The rocky blast hits the orc priest.
The orc wizard hits you with a dagger.
Casting: Sandblast
Confirm with . or Enter, or press ? or * to list all spells.
Aiming: Sandblast
Press: ? - help, Shift-Dir - straight line, f/p - orc priest
Aim: an orc priest, wielding a hand axe and wearing a runed chain mail The rocky blast hits the orc priest.
The orc closely misses you. The orc priest barely misses you.
The orc barely misses you. The orc wizard closely misses you.
Casting: Sandblast
Confirm with . or Enter, or press ? or * to list all spells.
Aiming: Sandblast
Press: ? - help, Shift-Dir - straight line, f/p - orc priest
Aim: an orc priest, wielding a hand axe and wearing a runed chain mail The rocky blast misses the orc priest.
The orc wizard hits you but does no damage.
The orc hits you with a club.
* * * LOW HITPOINT WARNING * * *
The orc priest hits you with a hand axe!
You die...

#.............# #.##..>......#
#.######......###............#
..# #.....................# ###
#......####.##.......#####
########......#.).....##.........
.)............#.......#####......
########..............# #......
########ooo....# ###....
#.@o....# ##### #########


You could see an orc priest, an orc wizard and 2 orcs.

Vanquished Creatures
  A hound (D:2)
  An orc priest (D:3)
  Crazy Yiuf (D:2)
  4 adders
  An ooze (D:3)
  2 worms
  6 giant geckos
  5 orcs (D:3)
  A ball python (D:2)
  A giant cockroach (D:3)
  A hobgoblin (D:1)
  8 jackals
  6 kobolds
  3 bats
  2 giant newts
  10 goblins
  36 rats
89 creatures vanquished.

Notes
Turn   | Place    | Note
--------------------------------------------------------------
     0 | D:1      | ReteAZ the Octopode Earth Elementalist began the quest for the Orb.
     0 | D:1      | Reached XP level 1. HP: 11/11 MP: 3/3
   181 | D:1      | Reached XP level 2. HP: 17/17 MP: 5/5
   554 | D:2      | Found a burning altar of Makhleb.
   560 | D:2      | Reached skill level 4 in Earth Magic
   560 | D:2      | Reached XP level 3. HP: 8/21 MP: 1/6
   739 | D:2      | Reached XP level 4. HP: 21/27 MP: 5/7
  1026 | D:2      | Reached skill level 5 in Earth Magic
  1201 | D:2      | Noticed Crazy Yiuf
  1207 | D:2      | Killed Crazy Yiuf
  1276 | D:2      | Reached XP level 5. HP: 29/31 MP: 5/8
  1337 | D:2      | Learned a level 2 spell: Stoneskin
  1341 | D:2      | Learned a level 3 spell: Stone Arrow
  1563 | D:3      | Found an iron altar of Okawaru.
  1566 | D:3      | Found a shadowy altar of Dithmenos.
  1569 | D:3      | Found a glowing golden altar of the Shining One.
  1695 | D:3      | Reached skill level 6 in Earth Magic
  2196 | D:3      | Reached XP level 6. HP: 19/36 MP: 7/9
  2409 | D:3      | Slain by an orc priest

Vault maps used:
D:1:      saegor_arrival_simple_a
D:2:      first_bread, makhleb_heckhound_becter, uniq_crazy_yiuf_cottage
D:3:      grunt_temple_overflow_diamond, minmay_rats_cheesy_pizza
D:4:      minmay_temple_entry_enclosed_plants

Action                   |  1- 3 |  4- 6 || total
-------------------------+-------+-------++-------
Melee: Unarmed           |    14 |    77 ||    91
       Dagger            |     8 |       ||     8
Throw: Stone             |     1 |     1 ||     2
 Cast: Sandblast         |    24 |    63 ||    87
       Stone Arrow       |       |     6 ||     6
 Stab: Sleeping          |     4 |     3 ||     7
  Eat: Chunk             |       |     7 ||     7
